 Dungeon Crawl Stone Soup version 0.22-a0-605-g9281fa2 (webtiles) character file.

3722 Gildeon the Cleaver (level 9, 0/74 HPs)
             Began as a Minotaur Fighter on July 8, 2018.
             Was a Follower of Okawaru.
             Slain by Menkaure (14 damage)
             ... on level 7 of the Dungeon.
             The game lasted 00:23:39 (6228 turns).

Gildeon the Cleaver (Minotaur Fighter)              Turns: 6228, Time: 00:23:40

Health: 0/74       AC: 18    Str: 31    XL:     9   Next: 92%
Magic:  11/11      EV: 12    Int:  7    God:    Okawaru [*.....]
Gold:   461        SH: 12    Dex: 11    Spells: 1/8 levels left

rFire    . . .     SeeInvis .   a - +4 war axe
rCold    . . .     Gourm    .   c - +0 shield
rNeg     . . .     Faith    .   y - +2 plate armour
rPois    .         Spirit   .   (helmet restricted)
rElec    .         Reflect  .   C - +0 cloak
rCorr    .         Harm     .   u - +2 pair of gloves {Str+3}
MR       .....                  (no boots)
Stlth    ..........             n - amulet of rage
HPRegen  0.22/turn              E - +4 ring of evasion
MPRegen  0.12/turn              D - +2 ring of strength

@: mighty
A: retaliatory headbutt, horns 2
a: Heroism, Renounce Religion, Evoke Berserk Rage


You were on level 7 of the Dungeon.
You worshipped Okawaru.
Okawaru was aware of your devotion.
You were not hungry.

You visited 2 branches of the dungeon, and saw 8 of its levels.

You collected 461 gold pieces.

Inventory:

Hand Weapons
 a - a +4 war axe (weapon)
 l - a +0 mace of draining
Armour
 b - a +0 scale mail
 c - a +0 shield (worn)
 p - a +0 robe of fire resistance
 r - a +1 chain mail of fire resistance
 t - a +0 leather armour of magic resistance
 u - a +2 pair of gloves of strength (worn)
 y - a +2 plate armour (worn)
 C - a +0 cloak (worn)
Jewellery
 n - an amulet of rage (around neck)
 s - an uncursed amulet of harm
 v - an uncursed ring of protection from magic
 D - a +2 ring of strength (right hand)
 E - a +4 ring of evasion (left hand)
Wands
 w - a wand of scattershot (6)
Scrolls
 h - 2 scrolls of remove curse
 j - 5 scrolls of teleportation
 x - a scroll of fear {unknown}
 G - a scroll of summoning {unknown}
Potions
 e - a potion of haste
 g - a potion of invisibility {unknown}
 i - 2 potions of berserk rage
 k - a potion of resistance
 m - 2 potions of heal wounds {unknown}
 o - 2 potions of brilliance {unknown}
 q - 2 potions of curing
 z - a potion of mutation {unknown}
 B - 3 potions of flight {unknown}
Comestibles
 f - 13 rations
 A - 3 chunks of flesh


   Skills:
 - Level 5.0 Fighting
 * Level 11.6 Axes
 - Level 5.0 Armour
 - Level 5.0 Dodging
 + Level 9.0 Shields
 + Level 4.2 Evocations


You had one spell level left.
You knew the following spells:

 Your Spells              Type           Power        Failure   Level  Hunger
a - Blink                 Tloc           N/A          100%        2    ###....
b - Slow                  Hex            #.......     100%        2    ###....
c - Conjure Flame         Conj/Fire      #.......     100%        3    ####...

Your spell library contained the following spells:

 Spells                   Type           Power        Failure   Level  Hunger
 Magic Dart               Conj           #...         100%        1    ##.....
 Mephitic Cloud           Conj/Pois/Air  #.......     100%        3    ####...
 Summon Small Mammal      Summ           #...         100%        1    ##.....
 Summon Ice Beast         Ice/Summ       #.......     100%        4    #####..
 Call Imp                 Summ           #.......     100%        2    ###....
 Sublimation of Blood     Necr           #.........   100%        2    ###....
 Ignite Poison            Fire/Tmut/Pois #.......     100%        3    ####...
 Call Canine Familiar     Summ           #.......     100%        3    ####...
 Alistair's Intoxication  Tmut/Pois      #.......     100%        5    ######.
 Petrify                  Tmut/Erth      #.......     100%        4    #####..
 Summon Lightning Spire   Summ/Air       #.......     100%        4    #####..
 Summon Guardian Golem    Hex/Summ       #.......     100%        3    ####...
 Irradiate                Conj/Tmut      #.........   100%        5    ######.


Dungeon Overview and Level Annotations

Branches:
Dungeon (7/15)             Temple (1/1) D:6

Altars:
Ashenzari
Cheibriados
Dithmenos
Elyvilon
Fedhas
Gozag
Hepliaklqana
Kikubaaqudgha
Makhleb
Nemelex Xobeh
Okawaru
Qazlal
Ru
Sif Muna
Trog
Uskayaw
Vehumet
Wu Jian
Xom
Yredelemnul
The Shining One

Annotations:
D:7 Menkaure


Innate Abilities, Weirdness & Mutations

You reflexively headbutt those who attack you in melee.
You have a pair of horns on your head.


Message History

The kobold is severely wounded.
You block the kobold's attack.
Your shield and plate armour prevent you from hitting the kobold.
The kobold is severely wounded.
You block the kobold's attack.
You miss the kobold.
The kobold is severely wounded.
Menkaure calls on the powers of darkness!
Your body is wracked with pain!
* * * LOW HITPOINT WARNING * * *
You block the kobold's attack.
You feel better. You block the kobold's attack.
You feel very mighty all of a sudden. You block the kobold's attack.
You barely miss the kobold.
You kill the kobold!
You slash Menkaure!
Menkaure is heavily damaged.
Menkaure hits you!
You die...

#.....(...... ...........
......... ..(.... ......
..... ######### ##..#.#
##### ).).....####..##M#
#...# )#####....#..###@#
#...# ##
####........#########..^#
#
#........####..........#
#
#..#........(....####...#
#
#.(.....##.##.(..####...#
#
####.##.##.#.....#.....##
#
...##.#...............##
#
.#####.........)........#
# #...................#


You could see Menkaure.

Vanquished Creatures
  Joseph (D:7)
  A hornet (D:5)
  A hippogriff (D:6)
  A water moccasin (D:6)
  2 orc warriors
  2 sky beasts
  3 ogres
  A black bear (D:6)
  An ice beast (D:5)
  A phantom (D:6)
  3 centaurs
  A big kobold (D:7)
  5 killer bees (D:6)
  4 howler monkeys
  4 wights (D:6)
  A crimson imp (D:6)
  7 hounds
  3 orc priests
  Crazy Yiuf (D:5)
  11 orc wizards
  Jessica (D:2)
  An iguana (D:4)
  Terence (D:2)
  6 worker ants
  A hound skeleton (D:7)
  A worker ant zombie (D:7)
  11 adders
  4 gnolls (D:3)
  A shadow imp (D:7)
  2 oozes
  An adder skeleton (D:5)
  An adder zombie (D:5)
  5 dart slugs
  3 leopard geckos
  27 orcs
  6 giant cockroaches
  12 goblins
  4 hobgoblins
  3 jackals (D:1)
  3 ball pythons
  6 bats
  7 frilled lizards
  17 kobolds
  2 leopard gecko skeletons
  A quokka skeleton (D:5)
  A quokka zombie (D:6)
  12 rats
  A fungus (D:5)
195 creatures vanquished.

Notes
Turn   | Place    | Note
-------+----------+-------------------------------------------
     0 | D:1      | Gildeon the Minotaur Fighter began the quest for the Orb.
     0 | D:1      | Reached XP level 1. HP: 19/19 MP: 0/0
   207 | D:1      | Reached XP level 2. HP: 25/27 MP: 1/1
   394 | D:1      | Reached skill level 3 in Axes
   860 | D:1      | Reached XP level 3. HP: 31/33 MP: 2/2
   991 | D:1      | Reached skill level 1 in Dodging
  1129 | D:2      | Noticed Jessica
  1145 | D:2      | Killed Jessica
  1145 | D:2      | Reached XP level 4. HP: 31/40 MP: 3/3
  1458 | D:2      | Reached skill level 4 in Axes
  1610 | D:2      | Noticed Terence
  1616 | D:2      | Killed Terence
  1616 | D:2      | Reached XP level 5. HP: 45/47 MP: 4/4
  2138 | D:3      | Reached XP level 6. HP: 43/53 MP: 3/5
  2143 | D:3      | Reached skill level 5 in Axes
  2485 | D:3      | Noticed an orc warrior
  2495 | D:3      | Killed an orc warrior
  2495 | D:3      | Reached skill level 5 in Fighting
  2639 | D:3      | Reached skill level 5 in Armour
  2752 | D:4      | Reached skill level 5 in Shields
  2756 | D:4      | Reached XP level 7. HP: 54/61 MP: 6/6
  2762 | D:4      | Reached skill level 6 in Axes
  3018 | D:4      | Reached skill level 7 in Axes
  3288 | D:5      | Entered Level 5 of the Dungeon
  3349 | D:5      | Reached XP level 8. HP: 68/68 MP: 7/7
  3416 | D:5      | Noticed a hornet
  3429 | D:5      | Killed a hornet
  3429 | D:5      | Reached skill level 8 in Axes
  3622 | D:5      | Reached skill level 5 in Dodging
  3717 | D:5      | Reached skill level 1 in Evocations
  3903 | D:5      | Reached skill level 9 in Axes
  4172 | D:5      | Found a runed door.
  4176 | D:5      | Noticed Crazy Yiuf
  4181 | D:5      | Killed Crazy Yiuf
  4435 | D:6      | Learned a level 2 spell: Blink
  4438 | D:6      | Learned a level 2 spell: Slow
  4442 | D:6      | Learned a level 3 spell: Conjure Flame
  4541 | D:6      | Reached XP level 9. HP: 74/74 MP: 9/9
  4642 | D:6      | Reached skill level 10 in Axes
  5328 | D:6      | Found a staircase to the Ecumenical Temple.
  5337 | Temple   | Entered the Ecumenical Temple
  5469 | Temple   | Became a worshipper of Warmaster Okawaru
  5646 | D:7      | Reached skill level 11 in Axes
  5684 | D:7      | Noticed Joseph
  5704 | D:7      | Killed Joseph
  6024 | D:7      | Reached * piety under Okawaru
  6204 | D:7      | Noticed Menkaure
  6228 | D:7      | Slain by Menkaure

Vault maps used:
D:1:      dpeg_arrival_tiny_a
D:2:      uniq_terence, uniq_jessica
D:3:      first_ration, minmay_box_of_dots
D:4:      st_stairs_9, minmay_a_box_with_orc_wizards_in_it
D:5:      abandoned_shop, uniq_crazy_yiuf_cottage
D:6:      minmay_temple_entry_statues_fountains
D:7:      uniq_joseph, uniq_menkaure
Temple:   kilobyte_greek_temple

Skill      XL: |  1  2  3  4  5  6  7  8  9 |
---------------+----------------------------+-----
Axes           | 3 4 5 7 9 11 | 11.6
Dodging        | 1 2 3 4 5 |  5.0
Shields        | 4 5 6 7 9 |  9.0
Fighting       | 4 5 |  5.0
Armour         | 4 5 |  5.0
Evocations     | 2 4 |  4.2

Action                   |  1- 3 |  4- 6 |  7- 9 || total
-------------------------+-------+-------+-------++-------
Melee: War axe           |    69 |   107 |   300 ||   476
       Headbutt          |     9 |    20 |    62 ||    91
Throw: Tomahawk          |       |       |    54 ||    54
Evoke: Wand              |       |    22 |       ||    22
  Use: Scroll            |     4 |     5 |     6 ||    15
       Potion            |       |       |     5 ||     5
 Stab: Paralysed         |       |     1 |       ||     1
  Eat: Chunk             |     1 |     5 |     5 ||    11
       Ration            |       |       |     2 ||     2
Armor: Scale mail        |    27 |    17 |       ||    44
       Chain mail        |       |    36 |       ||    36
       Plate armour      |       |     4 |   151 ||   155
Dodge: Dodged            |    20 |    35 |    58 ||   113
Block: Shield            |    43 |    68 |   141 ||   252

Table legend:
 A = Spawn XP
 B = Non-spawn XP
 C = Spawn XP percentage of total XP
 D = Spawn monster count
 E = Non-spawn monster count
 F = Spawn count percentage of total count
 G = Total turns spent on level
                    A         B        C        D         E        F      G
               +---------+---------+-------+---------+---------+-------+---------
         Total |       0 |    5318 |   0.0 |       0 |     194 |   0.0 |  6228
               +---------+---------+-------+---------+---------+-------+---------
           D:1 |       0 |      46 |   0.0 |       0 |      30 |   0.0 |  1068
           D:2 |       0 |     197 |   0.0 |       0 |      33 |   0.0 |   877
           D:3 |       0 |     379 |   0.0 |       0 |      28 |   0.0 |   794
           D:4 |       0 |     756 |   0.0 |       0 |      31 |   0.0 |   549
           D:5 |       0 |    1092 |   0.0 |       0 |      23 |   0.0 |   969
           D:6 |       0 |    1746 |   0.0 |       0 |      24 |   0.0 |  1175
           D:7 |       0 |    1102 |   0.0 |       0 |      25 |   0.0 |   618
               +---------+---------+-------+---------+---------+-------+---------
